 Dungeon Sprint DCSS version 0.31-a0-876-gfe8ebadbca (webtiles) character file.

Game seed: 3193420085891482060

375 rocky1 the Nimble (level 7, -4/54 HPs)
             Began as a Djinni Gladiator on Oct 14, 2023.
             Slain by a neqoxec (9 damage)
             ... in the Dungeon (Sprint II: "The Violet Keep of Menkaure").
             The game lasted 00:00:21 (46 turns).

rocky1 the Nimble (Djinni Gladiator)                  Turns: 46, Time: 00:00:21

Health: -4/54      AC:  2    Str: 11    XL:     7   Next: 3%
Gold:   0          EV: 16    Int: 10    God:
                   SH:  0    Dex: 14

rFire   + + .        a - +0 long sword
rCold   x . .        (no shield)
rNeg    . . .        b - +0 leather armour
rPois   ∞            c - +0 helmet
rElec   .            (no cloak)
rCorr   .            (no gloves)
SInv    .            (boots unavailable)
Will    .....        (no amulet)
Stlth   +            (no ring)
HPRegen 0.29/turn    (no ring)
MPRegen 0.00/turn

%: no teleportation, infuse magic (-5 HP)
@: on berserk cooldown, flying
A: sickness immunity, fire resistance 2, cold vulnerability 1, float, innate
caster, HP casting, extra vitality 1, clumsy 1, deformed body, weak 1
a: no special abilities


You were in the Dungeon.
You visited 1 branch

Inventory:

Hand Weapons
 a - a +0 long sword (weapon)
Missiles
 d - 3 throwing nets (quivered)
 e - a javelin
Armour
 b - a +0 leather armour (worn)
 c - a +0 helmet (worn)
Scrolls
 j - a scroll of blinking
Potions
 f - a potion of curing


   Skills:
 + Level 5.2 Fighting
 + Level 8.7 Long Blades
 + Level 3.4 Throwing
 + Level 1.6 Armour
 + Level 9.8 Dodging


You knew the following spells:

 Your Spells              Type           Power      Damage    Failure   Level
a - Magic Dart            Conj           0%         1d3       45%         1
b - Lesser Beckoning      Tloc           0%         N/A       58%         2
c - Swiftness             Air            0%         N/A       83%         3
Your spell library was empty.

Dungeon Overview and Level Annotations

Branches:
Dungeon (1/1)

Altars:


Innate Abilities, Weirdness & Mutations

You are immune to sickness and miasma.
You are immune to poison.
Your flesh is very heat resistant. (rF++)
You are vulnerable to cold. (rC-)
You float through the air rather than walking.
You learn spells naturally, not from books.
Your magical power is your life essence.
You have superior vitality. (+4 MHP)
You are clumsy. (Dex -2)
Armour fits poorly on your strangely shaped body.
You are weak. (Str -2)


Message History

You feel much better. The neqoxec hits you.
You slash the neqoxec!
The neqoxec is moderately wounded.
The neqoxec hits you!
You hit the neqoxec.
The neqoxec is moderately wounded.
The neqoxec hits you!
You closely miss the neqoxec.
The neqoxec is moderately wounded.
The neqoxec barely misses you.
You slash the neqoxec!
The neqoxec is severely wounded.
Your extra speed is starting to run out.
The neqoxec hits you!
* * * LOW HITPOINT WARNING * * *
You slash the neqoxec! You punch the neqoxec.
The neqoxec is almost dead.
The neqoxec completely misses you.
You hit the neqoxec but do no damage.
The neqoxec is almost dead.
The neqoxec misses you.
You hit the neqoxec but do no damage.
The neqoxec is almost dead.
You feel yourself speed up. The neqoxec barely misses you.
You miss the neqoxec.
The neqoxec is almost dead.
The neqoxec hits you!
* * * LOW HITPOINT WARNING * * *
You hit the neqoxec but do no damage.
The neqoxec is almost dead.
You hit the neqoxec but do no damage.
The neqoxec is almost dead.
The neqoxec gestures at you.
Strange energies course through your body.
You closely miss the neqoxec.
The neqoxec is almost dead.
You feel yourself slow down. The neqoxec hits you!
You die...

# #+# .#
##.##.#
+.<@3$#
##.##..#
#+# .# #


You could see a neqoxec.

Vanquished Creatures
  3 neqoxecs (D)
3 creatures vanquished.

Notes
Turn   | Place    | Note
-------+----------+-------------------------------------------
     0 | D        | rocky1 the Djinni Gladiator began the quest for the Orb.
     0 | D        | Reached XP level 1. HP: 18/18 MP: 0/0
     1 | D        | Noticed a neqoxec
     1 | D        | Noticed a neqoxec
     1 | D        | Noticed a neqoxec
     1 | D        | Noticed a neqoxec
    13 | D        | Gained mutation: Armour fits poorly on your strangely
                  | shaped body. [a neqoxec]
    15 | D        | Killed a neqoxec
    16 | D        | Reached skill level 7 in Dodging
    16 | D        | Reached XP level 2. HP: 26/26 MP: 0/0
    16 | D        | Reached XP level 3. HP: 31/31 MP: 0/0
    16 | D        | Learned a level 1 spell: Magic Dart
    16 | D        | Reached XP level 4. HP: 37/37 MP: 0/0
    16 | D        | Reached XP level 5. HP: 41/41 MP: 0/0
    16 | D        | Learned a level 2 spell: Lesser Beckoning
    20 | D        | Killed a neqoxec
    21 | D        | Reached skill level 1 in Armour
    21 | D        | Reached skill level 8 in Dodging
    21 | D        | Reached XP level 6. HP: 42/48 MP: 0/0
    25 | D        | Gained mutation: You are clumsy. (Dex -2) [a neqoxec]
    32 | D        | Gained mutation: You are weak. (Str -2) [a neqoxec]
    33 | D        | Killed a neqoxec
    34 | D        | Reached skill level 5 in Fighting
    34 | D        | Reached skill level 9 in Dodging
    34 | D        | Reached XP level 7. HP: 27/54 MP: 0/0
    34 | D        | Learned a level 3 spell: Swiftness
    46 | D        | Slain by a neqoxec

Illustrated notes

Levels and vault maps discovered:
D:        the_violet_keep_of_menkaure [sprint2_stairs_cluster_1,
          sprint2_shoproom, sprint2_temple, sprint2_basic_supplies,
          sprint2_obstacle_1, sprint2_obstacle_4, sprint2_obstacle_6,
          sprint2_obstacle_2, sprint2_obstacle_5, sprint2_timed_cluster_1,
          sprint2_smallroom_cluster_1, sprint2_smallroom_final_cluster_1,
          sprint2_transparent_cluster_1, sprint2_second_timed_cluster_1,
          sprint2_sniper_area_1, sprint2_heavy_combat_area_1,
          sprint2_mutation_trap_area_1, sprint2_forest_area_1,
          sprint2_light_combat_area_1, sprint2_behind_water_1,
          sprint2_near_end_vault_1]

Skill      XL: |  1  2  3  4  5  6 |
---------------+-------------------+-----
Fighting       | 3 4 5 |  5.2
Long Blades    | 6 7 8 |  8.7
Throwing       | 2 3 |  3.4
Dodging        | 7 8 9 |  9.8
Armour         | 1 |  1.6

Action                     |  1- 3 |  4- 6 |  7- 9 || total
---------------------------+-------+-------+-------++-------
  Melee: Long sword        |    12 |    18 |    12 ||    42
         Punch             |       |     1 |     1 ||     2
    Use: Potion            |     2 |       |     1 ||     3
 Armour: Leather armour    |     3 |     3 |     7 ||    13
  Dodge: Dodged            |     3 |     8 |     4 ||    15

Table legend: (Time is in decaauts)
 A = Elapsed time spent in this place.
 B = Non-inter-level travel time spent in this place.
 C = Inter-level travel time spent in this place.
 D = Time resting spent in this place.
 E = Time spent auto-exploring this place.
 F = Levels seen in this place.
 G = Mean time per level.
                   A        B        C        D        E       F      G
               +--------+--------+--------+--------+--------+-----+--------+
         Total |     41 |     41 |      0 |      0 |      0 |   1 |   41.0 |
       Dungeon |     41 |     41 |      0 |      0 |      0 |   1 |   41.0 |
               +--------+--------+--------+--------+--------+-----+--------+

Top non-repeatable levels by time:
       D: 41 daAuts
